| TOP OF THE 1ST |
|
Grand Junction Rockies batting - Pitching for San Francisco (APP) Giants : LHP Randy Monaco
|
|
Pitching: LHP Randy Monaco
|
|
|
Batting: SHB Rich McDonald
|
0-0: SINGLE (Line Drive, 3D, EV 96.2 MPH)
|
|
Batting: RHB Josh Lofgreen
|
0-0: Ball Wild Pitch! Rich McDonald to second 1-0: Ball 2-0: Swinging Strike 2-1: Ball 3-1: Ground out 4-3 (Groundball, 34, EV 80.0 MPH) Rich McDonald to third
|
|
Batting: RHB Wali Mulogo
|
0-0: Ball 1-0: Called Strike 1-1: Foul Ball, location: 2F 1-2: Ball 2-2: Ball 3-2: Fly out, F8 (Flyball, 78XD, EV 101.9 MPH) Runner from 3rd tags up, SCORES, no throw by CF
|
|
Batting: RHB Justin Garrett
|
0-0: Called Strike 0-1: Ball 1-1: Ball 2-1: Ball 3-1: Base on Balls
|
|
Batting: RHB Joe Shade
|
0-0: Called Strike 0-1: Swinging Strike 0-2: Ball 1-2: Ball Wild Pitch! Justin Garrett to second 2-2: Ball 3-2: Foul Ball, location: 2F 3-2: Foul Ball, location: 2F 3-2: Fly out, F8 (Flyball, 89M, EV 91.2 MPH)
|
| Top of the 1st over - 1 run, 1 hit, 0 errors, 1 left on base; Grand Junction 1 - San Francisco (APP) 0 |
| BOTTOM OF THE 1ST |
|
San Francisco (APP) Giants batting - Pitching for Grand Junction Rockies : LHP Mike Pierce
|
|
Pitching: LHP Mike Pierce
|
|
|
Batting: RHB Sean Gilbert
|
0-0: Reached on error, E4 (Groundball, 34, EV 103.1 MPH)
|
|
Batting: RHB Jonathan Hemsley
|
0-0: Ball Passed Ball! Sean Gilbert to second 1-0: Called Strike 1-1: SINGLE (Groundball, 56, EV 100.0 MPH) (infield hit) Sean Gilbert to third
|
|
Batting: SHB Michael Woodard
|
0-0: Ball Passed Ball! Sean Gilbert scores Jonathan Hemsley to second 1-0: Foul Ball, location: 2F 1-1: Ball Wild Pitch! Jonathan Hemsley to third 2-1: Called Strike 2-2: Ball Passed Ball! Jonathan Hemsley scores 3-2: Base on Balls
|
|
Batting: RHB Jerry Schlaak
|
0-0: Ball 1-0: Fly out, F8 (Flyball, 8LM, EV 73.8 MPH)
|
|
Batting: RHB Rúbem Trancoso
|
0-0: Called Strike 0-1: Swinging Strike Passed Ball! Michael Woodard to second 0-2: Strikes out swinging
|
|
Batting: RHB Edward Jones
|
0-0: Called Strike 0-1: Ball 1-1: Foul Ball, location: 2F 1-2: SINGLE (Groundball, 6D, EV 97.5 MPH) Michael Woodard to third
|
|
Batting: RHB James Jenkins
|
0-0: Fly out, F7 (Flyball, 7S, EV 91.2 MPH)
|
| Bottom of the 1st over - 2 runs, 2 hits, 1 error, 2 left on base; Grand Junction 1 - San Francisco (APP) 2 |
| TOP OF THE 2ND |
|
Grand Junction Rockies batting - Pitching for San Francisco (APP) Giants : LHP Randy Monaco
|
|
Batting: RHB Carlos Manriquez
|
0-0: DOUBLE (Line Drive, 9LM, EV 111.2 MPH)
|
|
Batting: RHB Edwin Bejarano
|
0-0: Ball Passed Ball! Carlos Manriquez to third 1-0: Ball Wild Pitch! Carlos Manriquez scores 2-0: Swinging Strike 2-1: Ball 3-1: DOUBLE (Groundball, 5L, EV 106.2 MPH)
|
|
Batting: RHB Tom Gentry
|
0-0: Ball Edwin Bejarano steals 3rd base 1-0: Called Strike 1-1: Called Strike 1-2: Ball 2-2: 2-RUN HOME RUN (Flyball, 9D, EV 98.1 MPH), Distance : 384 ft
|
|
Batting: RHB Alex Valadez
|
0-0: Ball 1-0: Foul Ball, location: 2F 1-1: Foul Ball, location: 2F 1-2: Ball 2-2: Foul Ball, location: 2F 2-2: Strikes out swinging
|
|
Batting: SHB Rich McDonald
|
0-0: Ball 1-0: Ball 2-0: Ball 3-0: Called Strike 3-1: Ground out 5-3 (Groundball, 5, EV 103.8 MPH)
|
|
Batting: RHB Josh Lofgreen
|
0-0: Ball 1-0: Ball 2-0: Ball 3-0: Called Strike 3-1: Called Strike 3-2: Base on Balls
|
|
Batting: RHB Wali Mulogo
|
0-0: Called Strike 0-1: Foul Ball, location: 2F 0-2: Strikes out swinging
|
| Top of the 2nd over - 3 runs, 3 hits, 0 errors, 1 left on base; Grand Junction 4 - San Francisco (APP) 2 |
| BOTTOM OF THE 2ND |
|
San Francisco (APP) Giants batting - Pitching for Grand Junction Rockies : LHP Mike Pierce
|
|
Batting: RHB Danny Estrada
|
0-0: SINGLE (Groundball, 5D, EV 100.6 MPH)
|
|
Batting: RHB Ken Cromsie
|
0-0: Sac Bunt to 23 - play at first, batter OUT! 3-4 Danny Estrada to second
|
|
Batting: RHB Sean Gilbert
|
0-0: Called Strike 0-1: Ball 1-1: Called Strike 1-2: Ball 2-2: Strikes out swinging
|
|
Batting: RHB Jonathan Hemsley
|
0-0: Ball Wild Pitch! Danny Estrada to third 1-0: Ball 2-0: Ball 3-0: Called Strike 3-1: Fly out, F7 (Flyball, 7S, EV 88.8 MPH)
|
| Bottom of the 2nd over - 0 runs, 1 hit, 0 errors, 1 left on base; Grand Junction 4 - San Francisco (APP) 2 |
| TOP OF THE 3RD |
|
Grand Junction Rockies batting - Pitching for San Francisco (APP) Giants : LHP Randy Monaco
|
|
Batting: RHB Justin Garrett
|
0-0: Foul Ball, location: 2F 0-1: Ball 1-1: Swinging Strike 1-2: Strikes out swinging
|
|
Batting: RHB Joe Shade
|
0-0: Swinging Strike 0-1: Called Strike 0-2: Ball 1-2: Fly out, F7 (Flyball, 7, EV 84.4 MPH)
|
|
Batting: RHB Carlos Manriquez
|
0-0: Ball 1-0: Ball 2-0: Foul Ball, location: 2F 2-1: Ball 3-1: Foul Ball, location: 2F 3-2: SINGLE (Line Drive, 34, EV 106.2 MPH)
|
|
Batting: RHB Edwin Bejarano
|
0-0: Foul Ball, location: 2F 0-1: Ball 1-1: Foul Ball, location: 2F 1-2: Ball Passed Ball! Carlos Manriquez to second 2-2: DOUBLE (Line Drive, 9LS, EV 88.1 MPH) Carlos Manriquez scores
|
|
Pitching: RHP Newt Reid
|
|
|
Batting: RHB Tom Gentry
|
0-0: Called Strike 0-1: Swinging Strike 0-2: Foul Ball, location: 2F 0-2: Foul Ball, location: 2F 0-2: Ball 1-2: Ball Passed Ball! Edwin Bejarano to third 2-2: Ground out 6-3 (Groundball, 6, EV 77.5 MPH)
|
| Top of the 3rd over - 1 run, 2 hits, 0 errors, 1 left on base; Grand Junction 5 - San Francisco (APP) 2 |
| BOTTOM OF THE 3RD |
|
San Francisco (APP) Giants batting - Pitching for Grand Junction Rockies : LHP Mike Pierce
|
|
Batting: SHB Michael Woodard
|
0-0: Ground out 6-3 (Groundball, 6, EV 98.1 MPH)
|
|
Batting: RHB Jerry Schlaak
|
0-0: Called Strike 0-1: Ground out U3 (Groundball, 13, EV 78.8 MPH)
|
|
Batting: RHB Rúbem Trancoso
|
0-0: Ball 1-0: Called Strike 1-1: Called Strike 1-2: Ground out 5-3 (Groundball, 56, EV 86.9 MPH)
|
| Bottom of the 3rd over - 0 runs, 0 hits, 0 errors, 0 left on base; Grand Junction 5 - San Francisco (APP) 2 |
| TOP OF THE 4TH |
|
Grand Junction Rockies batting - Pitching for San Francisco (APP) Giants : RHP Newt Reid
|
|
DELAY
|
Rain delay of 20 minutes in the 4th inning.
|
|
Batting: RHB Alex Valadez
|
0-0: Called Strike 0-1: Swinging Strike 0-2: Ball 1-2: Ball 2-2: Ball 3-2: Foul Ball, location: 2F 3-2: Base on Balls
|
|
Batting: SHB Rich McDonald
|
0-0: Foul Ball, location: 2F 0-1: Ball Passed Ball! Alex Valadez to second 1-1: Foul Ball, location: 2F 1-2: 2-RUN HOME RUN (Flyball, 8RXD, EV 115.6 MPH), Distance : 469 ft
|
|
Pitching: RHP Sam Green
|
|
|
Batting: RHB Josh Lofgreen
|
0-0: Called Strike 0-1: Ball 1-1: Ball 2-1: Ball 3-1: Base on Balls
|
|
Batting: RHB Wali Mulogo
|
0-0: Ball Passed Ball! Josh Lofgreen to second 1-0: Ball 2-0: Ball 3-0: Called Strike 3-1: Base on Balls
|
|
Batting: RHB Justin Garrett
|
0-0: Called Strike 0-1: Ball 1-1: 3-RUN HOME RUN (Flyball, 7LD, EV 90.6 MPH), Distance : 342 ft
|
|
Batting: RHB Joe Shade
|
0-0: Ball 1-0: Foul Ball, location: 2F 1-1: Foul Ball, location: 2F 1-2: Foul Ball, location: 2F 1-2: Ball 2-2: Foul Ball, location: 2F 2-2: Ball 3-2: SINGLE (Groundball, 6D, EV 96.2 MPH)
|
|
Batting: RHB Carlos Manriquez
|
0-0: Ball 1-0: 2-RUN HOME RUN (Line Drive, 7D, EV 98.1 MPH), Distance : 389 ft
|
|
Pitching: RHP Corey Foster
|
|
|
Batting: RHB Edwin Bejarano
|
0-0: Ball 1-0: Called Strike 1-1: Foul Ball, location: 2F 1-2: Strikes out looking
|
|
Batting: RHB Tom Gentry
|
0-0: Ball 1-0: Called Strike 1-1: Ball 2-1: Ball 3-1: Base on Balls
|
|
Batting: RHB Alex Valadez
|
0-0: Called Strike 0-1: Ball Passed Ball! Tom Gentry to second 1-1: Ball Passed Ball! Tom Gentry to third 2-1: Swinging Strike 2-2: Ball 3-2: Strikes out swinging
|
|
Batting: SHB Rich McDonald
|
0-0: Called Strike 0-1: Ball 1-1: SINGLE (Groundball, 23, EV 86.9 MPH) (infield hit) Tom Gentry scores
|
|
Batting: RHB Josh Lofgreen
|
0-0: Ball 1-0: Called Strike 1-1: Ball 2-1: Foul Ball, location: 2F 2-2: Ball 3-2: SINGLE (Groundball, 2L, EV 68.1 MPH) (infield hit) Rich McDonald to second
|
|
Batting: RHB Wali Mulogo
|
0-0: Ball Wild Pitch! Rich McDonald to third Josh Lofgreen to second 1-0: Ball 2-0: Ball 3-0: DOUBLE (Line Drive, 78XD, EV 106.2 MPH) Rich McDonald scores Josh Lofgreen scores
|
|
Batting: RHB Justin Garrett
|
0-0: Called Strike 0-1: Called Strike 0-2: DOUBLE (Line Drive, 7LD, EV 105.0 MPH) Wali Mulogo scores
|
|
Batting: RHB Joe Shade
|
0-0: Ball 1-0: Ball Passed Ball! Justin Garrett to third 2-0: Ground out 5-3 (Groundball, 56S, EV 91.2 MPH)
|
| Top of the 4th over - 11 runs, 8 hits, 0 errors, 1 left on base; Grand Junction 16 - San Francisco (APP) 2 |
| BOTTOM OF THE 4TH |
|
San Francisco (APP) Giants batting - Pitching for Grand Junction Rockies : LHP Mike Pierce
|
|
Batting: RHB Edward Jones
|
0-0: Ball 1-0: Fly out, F8 (Line Drive, 8RD, EV 103.1 MPH)
|
|
Batting: RHB James Jenkins
|
0-0: Ball 1-0: Fly out, F7 (Flyball, 78M, EV 83.8 MPH)
|
|
Batting: RHB Danny Estrada
|
0-0: SINGLE (Groundball, 6D, EV 103.1 MPH)
|
|
Batting: RHB Ken Cromsie
|
0-0: Ball 1-0: Ball Passed Ball! Danny Estrada to second 2-0: Swinging Strike 2-1: Swinging Strike Passed Ball! Danny Estrada to third 2-2: Strikes out swinging
|
| Bottom of the 4th over - 0 runs, 1 hit, 0 errors, 1 left on base; Grand Junction 16 - San Francisco (APP) 2 |
| TOP OF THE 5TH |
|
Grand Junction Rockies batting - Pitching for San Francisco (APP) Giants : RHP Corey Foster
|
|
Batting: RHB Carlos Manriquez
|
0-0: Foul Ball, location: 2F 0-1: Called Strike 0-2: Foul Ball, location: 2F 0-2: Ball 1-2: Ground out U3 (Groundball, 3, EV 87.5 MPH)
|
|
Batting: RHB Edwin Bejarano
|
0-0: Fly out, F8 (Flyball, 8RD, EV 95.0 MPH)
|
|
Batting: RHB Tom Gentry
|
0-0: Foul Ball, location: 2F 0-1: DOUBLE (Line Drive, 89M, EV 93.8 MPH)
|
|
Batting: RHB Alex Valadez
|
0-0: SINGLE (Line Drive, 6MD, EV 98.8 MPH) Tom Gentry to third Runner from 3rd tries for Home, SAFE, throw by CF to home Alex Valadez to second
|
|
Batting: SHB Rich McDonald
|
0-0: Ball 1-0: Swinging Strike 1-1: Ball Passed Ball! Alex Valadez to third 2-1: Ground out 3-1 (Groundball, 34S, EV 88.8 MPH)
|
| Top of the 5th over - 1 run, 2 hits, 0 errors, 1 left on base; Grand Junction 17 - San Francisco (APP) 2 |
| BOTTOM OF THE 5TH |
|
San Francisco (APP) Giants batting - Pitching for Grand Junction Rockies : LHP Mike Pierce
|
|
Batting: RHB Sean Gilbert
|
0-0: Ball 1-0: Ball 2-0: Called Strike 2-1: Called Strike 2-2: SINGLE (Line Drive, 4M, EV 95.6 MPH)
|
|
Batting: RHB Jonathan Hemsley
|
0-0: Ball Sean Gilbert steals 2nd base (no throw) 1-0: Called Strike 1-1: Ball 2-1: DOUBLE (Flyball, 8LD, EV 90.0 MPH) Sean Gilbert scores
|
|
Batting: SHB Michael Woodard
|
0-0: Called Strike Passed Ball! Jonathan Hemsley to third 0-1: Ball 1-1: Swinging Strike Passed Ball! Jonathan Hemsley scores 1-2: Ground out 4-3 (Groundball, 4D, EV 106.2 MPH)
|
|
Batting: RHB Jerry Schlaak
|
0-0: Ground out 5-3 (Groundball, 5, EV 88.8 MPH)
|
|
Batting: RHB Rúbem Trancoso
|
0-0: Ball 1-0: Called Strike 1-1: Ball 2-1: Swinging Strike 2-2: Ball 3-2: Fly out, F9 (Flyball, 89S, EV 88.1 MPH)
|
| Bottom of the 5th over - 2 runs, 2 hits, 0 errors, 0 left on base; Grand Junction 17 - San Francisco (APP) 4 |
| TOP OF THE 6TH |
|
Grand Junction Rockies batting - Pitching for San Francisco (APP) Giants : RHP Corey Foster
|
|
Batting: RHB Josh Lofgreen
|
0-0: Ball 1-0: Ball 2-0: Ball 3-0: Base on Balls
|
|
Batting: RHB Wali Mulogo
|
0-0: Ball 1-0: SINGLE (Flyball, 34D, EV 83.8 MPH) Josh Lofgreen to second
|
|
Pitching: RHP Conrad van Gemert
|
|
|
Batting: RHB Justin Garrett
|
0-0: Ball 1-0: Ball 2-0: Ball 3-0: Called Strike 3-1: Swinging Strike Passed Ball! Josh Lofgreen to third Wali Mulogo to second 3-2: Fly out, F7 (Flyball, 7, EV 95.0 MPH) Runner from 3rd tags up, SCORES, no throw by LF
|
|
Batting: RHB Joe Shade
|
0-0: Ball Wild Pitch! Wali Mulogo to third 1-0: Ball 2-0: Ball 3-0: Called Strike 3-1: Base on Balls
|
|
Batting: RHB Carlos Manriquez
|
0-0: Fielders Choice at 2nd, 5-4 (Groundball, 56S, EV 83.1 MPH) Wali Mulogo scores
|
|
Batting: RHB Edwin Bejarano
|
0-0: Called Strike 0-1: Ball 1-1: Called Strike 1-2: Ground out U3 (Groundball, 3L, EV 91.9 MPH)
|
| Top of the 6th over - 2 runs, 1 hit, 0 errors, 1 left on base; Grand Junction 19 - San Francisco (APP) 4 |
| BOTTOM OF THE 6TH |
|
San Francisco (APP) Giants batting - Pitching for Grand Junction Rockies : LHP Mike Pierce
|
|
Batting: RHB Edward Jones
|
0-0: Ground out 2-3 (Groundball, 2L, EV 68.8 MPH)
|
|
Batting: RHB James Jenkins
|
0-0: Ball 1-0: Swinging Strike 1-1: Ball 2-1: Swinging Strike 2-2: Ball 3-2: Strikes out swinging
|
|
Batting: RHB Danny Estrada
|
0-0: Called Strike 0-1: Foul Ball, location: 2F 0-2: Strikes out swinging
|
| Bottom of the 6th over - 0 runs, 0 hits, 0 errors, 0 left on base; Grand Junction 19 - San Francisco (APP) 4 |
| TOP OF THE 7TH |
|
Grand Junction Rockies batting - Pitching for San Francisco (APP) Giants : RHP Conrad van Gemert
|
|
Batting: RHB Tom Gentry
|
0-0: Foul Ball, location: 2F 0-1: Ball 1-1: Foul Ball, location: 2F 1-2: Ball 2-2: Reached on error, E6 (Groundball, 6, EV 88.8 MPH)
|
|
Batting: RHB Alex Valadez
|
0-0: Ball 1-0: Called Strike 1-1: Fielders Choice at 2nd, 5-4 (Groundball, 56, EV 78.8 MPH)
|
|
Pitching: RHP Russ Hudson
|
|
|
Pinch Hitting: SHB J.D. Newman
|
0-0: Foul Ball, location: 2F 0-1: DOUBLE (Groundball, 5L, EV 103.1 MPH) Alex Valadez to third
|
|
Batting: RHB Josh Lofgreen
|
0-0: Ground out 5-3 (Groundball, 56S, EV 65.0 MPH) Alex Valadez scores J.D. Newman to third
|
|
Batting: RHB Wali Mulogo
|
0-0: DOUBLE (Line Drive, 5D, EV 94.4 MPH) J.D. Newman scores
|
|
Batting: RHB Justin Garrett
|
0-0: Ball 1-0: Ground out 5-3 (Groundball, 56, EV 104.4 MPH)
|
| Top of the 7th over - 2 runs, 2 hits, 1 error, 1 left on base; Grand Junction 21 - San Francisco (APP) 4 |
| BOTTOM OF THE 7TH |
|
San Francisco (APP) Giants batting - Pitching for Grand Junction Rockies : LHP Mike Pierce
|
|
Now at 3B: Joe Shade
|
|
|
Now in RF: J.D. Newman
|
|
|
Batting: RHB Ken Cromsie
|
0-0: Ball 1-0: SINGLE (Groundball, 56D, EV 97.5 MPH)
|
|
Pitching: RHP Don Carriere
|
|
|
Batting: RHB Sean Gilbert
|
0-0: Swinging Strike 0-1: Ball 1-1: Foul Ball, location: 2F 1-2: Hit by Pitch Ken Cromsie to second
|
|
Batting: RHB Jonathan Hemsley
|
0-0: Fielders Choice at 2nd, 3-6 (Groundball, 3, EV 80.0 MPH) Ken Cromsie to third
|
|
Batting: SHB Michael Woodard
|
0-0: Called Strike Jonathan Hemsley steals 2nd base (no throw) 0-1: Foul Ball, location: 2F 0-2: Foul Ball, location: 2F 0-2: Ball 1-2: Ball 2-2: Ground out 4-3 (Groundball, 4, EV 99.4 MPH) Ken Cromsie scores Jonathan Hemsley to third
|
|
Batting: RHB Jerry Schlaak
|
0-0: Ball Wild Pitch! Jonathan Hemsley scores 1-0: SINGLE (Line Drive, 34D, EV 97.5 MPH)
|
|
Batting: RHB Rúbem Trancoso
|
0-0: Ball 1-0: SINGLE (Groundball, 6D, EV 103.1 MPH) Jerry Schlaak to second Runner from 2nd tries for 3rd, OUT after rundown.
|
| Bottom of the 7th over - 2 runs, 3 hits, 0 errors, 1 left on base; Grand Junction 21 - San Francisco (APP) 6 |
| TOP OF THE 8TH |
|
Grand Junction Rockies batting - Pitching for San Francisco (APP) Giants : RHP Russ Hudson
|
|
Batting: RHB Joe Shade
|
0-0: Called Strike 0-1: Foul Ball, location: 2F 0-2: Strikes out swinging
|
|
Batting: RHB Carlos Manriquez
|
0-0: SOLO HOME RUN (Flyball, 7D, EV 97.5 MPH), Distance : 387 ft
|
|
Batting: RHB Edwin Bejarano
|
0-0: Ball 1-0: Ball 2-0: Ball 3-0: Called Strike 3-1: Base on Balls
|
|
Batting: RHB Tom Gentry
|
0-0: SINGLE (Groundball, 56D, EV 106.9 MPH) Edwin Bejarano to second
|
|
Batting: RHB Alex Valadez
|
0-0: Ball Passed Ball! Edwin Bejarano to third Tom Gentry to second 1-0: Called Strike 1-1: Foul Ball, location: 2F 1-2: Ball 2-2: Strikes out swinging
|
|
Batting: SHB J.D. Newman
|
0-0: Ball 1-0: Ball Passed Ball! Edwin Bejarano scores Tom Gentry to third 2-0: Foul Ball, location: 2F 2-1: Ball 3-1: Foul Ball, location: 2F 3-2: Base on Balls
|
|
Batting: RHB Josh Lofgreen
|
0-0: Ball 1-0: Swinging Strike 1-1: Ball 2-1: Foul Ball, location: 2F 2-2: Ball 3-2: SINGLE (Line Drive, 4MD, EV 101.2 MPH) Tom Gentry scores J.D. Newman to second J.D. Newman to third
|
|
Batting: RHB Wali Mulogo
|
0-0: Ball Passed Ball! J.D. Newman scores Josh Lofgreen to second 1-0: Ball Passed Ball! Josh Lofgreen to third 2-0: Ball 3-0: Base on Balls
|
|
Batting: RHB Justin Garrett
|
0-0: Ball 1-0: Foul Ball, location: 2F 1-1: Foul Ball, location: 2F 1-2: Fly out, F7 (Flyball, 78S, EV 84.4 MPH)
|
| Top of the 8th over - 4 runs, 3 hits, 0 errors, 2 left on base; Grand Junction 25 - San Francisco (APP) 6 |
| BOTTOM OF THE 8TH |
|
San Francisco (APP) Giants batting - Pitching for Grand Junction Rockies : RHP Don Carriere
|
|
Batting: RHB Edward Jones
|
0-0: Ball 1-0: Ball 2-0: Ball 3-0: Base on Balls
|
|
Pitching: RHP David Landa
|
|
|
Batting: RHB James Jenkins
|
0-0: Bunt missed! 0-1: Bunt missed! 0-2: Ball 1-2: Sac Bunt to 3S - play at first, batter OUT! 3-1 Edward Jones to second
|
|
Batting: RHB Danny Estrada
|
0-0: Foul Ball, location: 2F 0-1: Foul Ball, location: 2F 0-2: Strikes out swinging
|
|
Batting: RHB Ken Cromsie
|
0-0: 2-RUN HOME RUN (Line Drive, 78XD, EV 109.4 MPH), Distance : 427 ft
|
|
Batting: RHB Sean Gilbert
|
0-0: Ball 1-0: Ball 2-0: Called Strike 2-1: Swinging Strike 2-2: Ball 3-2: Strikes out looking
|
| Bottom of the 8th over - 2 runs, 1 hit, 0 errors, 0 left on base; Grand Junction 25 - San Francisco (APP) 8 |
| TOP OF THE 9TH |
|
Grand Junction Rockies batting - Pitching for San Francisco (APP) Giants : RHP Russ Hudson
|
|
Batting: RHB Joe Shade
|
0-0: Ball 1-0: Ball 2-0: Foul Ball, location: 2F 2-1: Ball 3-1: Base on Balls
|
|
Batting: RHB Carlos Manriquez
|
0-0: Called Strike 0-1: Called Strike 0-2: Ball 1-2: Ball Wild Pitch! Joe Shade to second 2-2: Ball 3-2: Base on Balls
|
|
Batting: RHB Edwin Bejarano
|
0-0: Fly out, F7 (Flyball, 7LS, EV 87.5 MPH)
|
|
Batting: RHB Tom Gentry
|
0-0: SINGLE (Groundball, 15S, EV 69.4 MPH) (infield hit) Joe Shade to third Carlos Manriquez to second
|
|
Pinch Hitting: RHB Ivan Castaneda
|
0-0: Called Strike 0-1: Ball 1-1: Foul Ball, location: 2F 1-2: Foul Ball, location: 2F 1-2: Foul Ball, location: 2F 1-2: Ball Passed Ball! Joe Shade scores Carlos Manriquez to third Tom Gentry to second 2-2: Ball 3-2: Base on Balls
|
|
Batting: SHB J.D. Newman
|
0-0: Ball 1-0: Ball 2-0: Ball Passed Ball! Carlos Manriquez scores Tom Gentry to third Ivan Castaneda to second 3-0: Base on Balls
|
|
Batting: RHB Josh Lofgreen
|
0-0: SINGLE (Groundball, 6, EV 98.8 MPH) Tom Gentry scores Ivan Castaneda to third J.D. Newman to second
|
|
Batting: RHB Wali Mulogo
|
0-0: Called Strike 0-1: Foul Ball, location: 2F 0-2: Foul Ball, location: 2F 0-2: DOUBLE (Flyball, 8RXD, EV 91.9 MPH) Ivan Castaneda scores J.D. Newman scores Josh Lofgreen to third
|
|
Batting: RHB Justin Garrett
|
0-0: Ball Wild Pitch! Josh Lofgreen scores Wali Mulogo to third 1-0: Ball 2-0: Ball 3-0: Called Strike 3-1: Base on Balls
|
|
Batting: RHB Joe Shade
|
0-0: Swinging Strike Passed Ball! Wali Mulogo scores Justin Garrett to second 0-1: Foul Ball, location: 2F 0-2: Ball 1-2: Strikes out swinging
|
|
Batting: RHB Carlos Manriquez
|
0-0: Ball 1-0: Swinging Strike Passed Ball! Justin Garrett to third 1-1: Ball 2-1: Ball Passed Ball! Justin Garrett scores 3-1: Base on Balls
|
|
Batting: RHB Edwin Bejarano
|
0-0: 2-RUN HOME RUN (Flyball, 7LD, EV 91.9 MPH), Distance : 356 ft
|
|
Batting: RHB Tom Gentry
|
0-0: Called Strike 0-1: Fly out, F3 (Line Drive, 34, EV 62.5 MPH)
|
| Top of the 9th over - 10 runs, 4 hits, 0 errors, 0 left on base; Grand Junction 35 - San Francisco (APP) 8 |
| BOTTOM OF THE 9TH |
|
San Francisco (APP) Giants batting - Pitching for Grand Junction Rockies : RHP David Landa
|
|
Now in LF: Oscar Barahona
|
|
|
Batting: RHB Jonathan Hemsley
|
0-0: Foul Ball, location: 2F 0-1: Swinging Strike 0-2: Strikes out looking
|
|
Batting: SHB Michael Woodard
|
0-0: Ball 1-0: DOUBLE (Line Drive, 5D, EV 95.0 MPH)
|
|
Pitching: RHP Julio Marquez
|
|
|
Batting: RHB Jerry Schlaak
|
0-0: Ground out 5-3 (Groundball, 56S, EV 66.2 MPH) Michael Woodard to third
|
|
Batting: RHB Rúbem Trancoso
|
0-0: Foul Ball, location: 2F 0-1: Ball 1-1: SINGLE (Line Drive, 7S, EV 105.6 MPH) Michael Woodard scores
|
|
Batting: RHB Edward Jones
|
0-0: Ball 1-0: Ball 2-0: Swinging Strike Passed Ball! Rúbem Trancoso to second 2-1: Called Strike 2-2: Strikes out looking
|
| Bottom of the 9th over - 1 run, 2 hits, 0 errors, 1 left on base; Grand Junction 35 - San Francisco (APP) 9 |
|